 Dungeon Crawl Stone Soup version 0.25-a0-263-g9d16a9d099 (webtiles) character file.

Game seed: 15873071041168331540, levelgen mode: deterministic

1884258 Jindul the Ninja (level 27, 189/189 HPs)
             Began as a Halfling Assassin on Dec 3, 2019.
             Was the Champion of Lugonu.
             Escaped with the Orb
             ... and 4 runes on Dec 7, 2019!
             The game lasted 13:34:18 (110238 turns).

Jindul the Ninja (Halfling Assassin)              Turns: 110238, Time: 13:34:19

Health: 189/189    AC: 22    Str: 22    XL:     27
Magic:  34/34      EV: 41    Int:  6    God:    Lugonu [******]
Gold:   4895       SH: 17    Dex: 44    Spells: 26/26 levels left

rFire    + + +     SeeInvis .   s - +9 quick blade (distort)
rCold    . . .     Gourm    .   R - +3 buckler {rN+}
rNeg     + + +     Faith    .   y - +6 scale mail of Mezcal {Stlth+}
rPois    +         Spirit   .   K - +0 helmet of the Slorg {*Drain rPois Str+10 Int+2}
rElec    +         Reflect  .   M - +1 cloak "Lixoru Heapn" {*Contam rElec rF+ Dex+4}
rCorr    .         Harm     .   c - +2 pair of gloves {Dex+3}
MR       +++++     Clarity  +   o - +2 pair of boots of the Lumpy Wonders {rF+}
Stlth    +++++.....             A - amulet of the Four Winds {rN+ MR+++ Clar}
HPRegen  0.41/turn              W - ring of the Saviour {rF+ rN+ Dex+5 Stlth+}
MPRegen  0.24/turn              t - ring "Xycocyfe" {rN+++ Int-5 Dex+3 Stlth+}

@: hasted (expiring), very quick
A: small, frail 1, mutation resistance 1, electricity resistance, MP-powered
wands
0: Orb of Zot
}: 4/15 runes: serpentine, barnacled, silver, abyssal
a: Depart the Abyss, Bend Space, Banish, Corrupt, Enter the Abyss, Renounce
Religion


You escaped.
You worshipped Lugonu.
Lugonu was exalted by your worship.
You were very full.

You visited 14 branches of the dungeon, and saw 59 of its levels.
You visited the Abyss 4 times.
You visited 1 bazaar.
You also visited: Trove and Ice Cave.

You collected 9430 gold pieces.
You spent 4535 gold pieces at shops.

Inventory:

Hand Weapons
 e - a +9 quick blade of piercing
 s - a +9 quick blade of distortion (weapon)
 Q - the +7 rapier of Overwhelming Force {pierce, rC+ MR+ Str+3}
   (You took it off a vampire knight on level 2 of the Depths)

   It inflicts extra damage upon your enemies.
   It affects your strength (+3).
   It protects you from cold.
   It affects your resistance to hostile enchantments.
 X - the +4 rapier of Dulozyla {pierce, rElec rC+++ Str-3 Dex+10}
   (Okawaru gifted it to you on level 13 of the Dungeon)

   It inflicts extra damage upon your enemies.
   It affects your strength (-3).
   It affects your dexterity (+10).
   It renders you almost immune to cold.
   It insulates you from electricity.
Missiles
 w - 12 boomerangs of dispersal
 N - 27 atropa-tipped darts (quivered)
 O - 6 datura-tipped darts
Armour
 c - a +2 pair of gloves of dexterity (worn)
 o - the +2 pair of boots of the Lumpy Wonders (worn) {rF+}
   (You found it on level 1 of the Snake Pit)

   It protects you from fire.
 y - the +6 scale mail of Mezcal (worn) {Stlth+}
   (You found it on level 5 of the Dungeon)

   It makes you more stealthy.
 E - the +0 mask of the Dragon {MR+ Slay+3 SInv}
   (You found it on level 4 of the Realm of Zot)

   It affects your accuracy and damage with ranged weapons and melee attacks
   (+3).
   It affects your resistance to hostile enchantments.
   It lets you see invisible.
 K - the +0 helmet of the Slorg (worn) {*Drain rPois Str+10 Int+2}
   (You found it on level 4 of the Shoals)

   It affects your strength (+10).
   It affects your intelligence (+2).
   It protects you from poison.
   It causes draining when unequipped.
 M - the +1 cloak "Lixoru Heapn" (worn) {*Contam rElec rF+ Dex+4}
   (Okawaru gifted it to you on level 3 of the Shoals)

   It affects your dexterity (+4).
   It protects you from fire.
   It insulates you from electricity.
   It causes magical contamination when unequipped.
 R - a +3 buckler of positive energy (worn)
Jewellery
 a - the ring "Biewuofu" {AC+1 SInv}
   (You found it on level 3 of the Elven Halls)

   [ring of protection]

   It affects your AC (+1).
   It lets you see invisible.
 p - the ring "Tionas" {rF- rC+ MR++ Dex+4 Stlth+}
   (You took it off a yaktaur captain on level 5 of the Vaults)

   [ring of protection from cold]

   It affects your dexterity (+4).
   It makes you vulnerable to fire.
   It protects you from cold.
   It affects your resistance to hostile enchantments.
   It makes you more stealthy.
 r - the ring "Rytan" {rElec Str+6 Int+6 Dex-3 Stlth+}
   (You found it on level 10 of the Dungeon)

   [ring of intelligence]

   It affects your strength (+6).
   It affects your intelligence (+6).
   It affects your dexterity (-3).
   It insulates you from electricity.
   It makes you more stealthy.
 t - the ring "Xycocyfe" (right hand) {rN+++ Int-5 Dex+3 Stlth+}
   (You found it in a treasure trove)

   [ring of dexterity]

   It affects your intelligence (-5).
   It affects your dexterity (+3).
   It renders you almost immune to negative energy.
   It makes you more stealthy.
 x - the ring "Rifirud" {MR+ Str+2 Int+2 Slay+3}
   (You found it on level 10 of the Dungeon)

   [ring of intelligence]

   It affects your strength (+2).
   It affects your intelligence (+2).
   It affects your accuracy and damage with ranged weapons and melee attacks
   (+3).
   It affects your resistance to hostile enchantments.
 A - the amulet of the Four Winds (around neck) {rN+ MR+++ Clar}
   (You found it on level 3 of the Crypt)

   [amulet of nothing]

   It protects you from negative energy.
   It affects your resistance to hostile enchantments.
   It protects you against confusion.
 D - the ring "Huirpho" {rCorr Int+4}
   (You took it off a fire giant on level 5 of the Vaults)

   [ring of resist corrosion]

   It affects your intelligence (+4).
   It provides partial protection from all sources of acid and corrosion.
 J - the macabre finger necklace {rN+}
   (You took it off a deep elf elementalist on level 3 of the Elven Halls)

   [amulet of nothing]

   It protects you from negative energy.
 W - the ring of the Saviour (left hand) {rF+ rN+ Dex+5 Stlth+}
   (You found it on level 3 of the Crypt)

   [ring of stealth]

   It affects your dexterity (+5).
   It protects you from fire.
   It protects you from negative energy.
   It makes you more stealthy.
 Y - the ring of the Iron Devil {rElec rPois rF++ Dex-3 Stlth-}
   (You found it on level 2 of the Vaults)

   [ring of attention]

   It affects your dexterity (-3).
   It greatly protects you from fire.
   It insulates you from electricity.
   It protects you from poison.
   It makes you less stealthy.
Wands
 j - a wand of digging (17)
 l - a wand of scattershot (9)
 L - a wand of acid (43)
 U - a wand of iceblast (32)
 Z - a wand of clouds (6)
Scrolls
 b - 4 scrolls of silence
 g - 7 scrolls of teleportation
 i - 2 scrolls of remove curse
 m - 2 scrolls of holy word
 B - 3 scrolls of blinking
 F - 12 scrolls of fear
 G - 8 scrolls of magic mapping
 S - 17 scrolls of identify
 V - 11 scrolls of fog
Potions
 d - a potion of resistance
 h - 7 potions of cancellation
 k - 4 potions of heal wounds
 n - 12 potions of agility
 q - 15 potions of curing
 u - 5 potions of haste
 v - 8 potions of magic
 z - 6 potions of invisibility
 C - 6 potions of might
 H - 3 potions of ambrosia
 P - 6 potions of mutation
 T - 6 potions of berserk rage
Comestibles
 f - 75 rations


   Skills:
 - Level 23.0 Fighting
 - Level 24.0 Short Blades
 - Level 9.0 Throwing
 - Level 3.0 Armour
 - Level 24.0 Dodging
 O Level 27 Stealth
 + Level 18.4 Shields
 - Level 15.0 Invocations
 - Level 3.0 Evocations


You had 26 spell levels left.
You didn't know any spells.
Your spell library contained the following spells:

 Spells                   Type           Power        Failure   Level  Hunger
 Animate Skeleton         Necr           N/A          78%         1    ##.....
 Apportation              Tloc           #.....       78%         1    ##.....
 Beastly Appendage        Tmut           #.....       78%         1    ##.....
 Confusing Touch          Hex            #.....       78%         1    ##.....
 Corona                   Hex            #......      78%         1    ##.....
 Foxfire                  Conj/Fire      #...         78%         1    ##.....
 Freeze                   Ice            #...         78%         1    ##.....
 Infusion                 Chrm           #...         78%         1    ##.....
 Magic Dart               Conj           #...         78%         1    ##.....
 Pain                     Necr           #...         78%         1    ##.....
 Sandblast                Erth           #.....       78%         1    ##.....
 Sting                    Tmut/Pois      #...         78%         1    ##.....
 Summon Butterflies       Summ           #.......     78%         1    ##.....
 Summon Small Mammal      Summ           #...         78%         1    ##.....
 Blink                    Tloc           N/A          89%         2    ###....
 Corpse Rot               Necr/Air       N/A          89%         2    ###....
 Ensorcelled Hibernation  Hex/Ice        #.....       89%         2    ###....
 Passwall                 Tmut/Erth      #.......     89%         2    ###....
 Poisonous Vapours        Pois/Air       #.....       89%         2    ###....
 Searing Ray              Conj           #.....       89%         2    ###....
 Shroud of Golubria       Chrm/Tloc      #.....       89%         2    ###....
 Slow                     Hex            #.......     89%         2    ###....
 Song of Slaying          Chrm           #.......     89%         2    ###....
 Sticks to Snakes         Tmut           #.......     89%         2    ###....
 Sublimation of Blood     Necr           #.........   89%         2    ###....
 Swiftness                Chrm/Air       #.......     89%         2    ###....
 Call Canine Familiar     Summ           #.......     98%         3    ####...
 Confuse                  Hex            #.......     98%         3    ####...
 Conjure Flame            Conj/Fire      #.......     98%         3    ####...
 Dazzling Flash           Conj/Hex       #.....       98%         3    ####...
 Gell's Gravitas          Tloc           #.........   98%         3    ####...
 Ignite Poison            Fire/Tmut/Pois #.......     98%         3    ####...
 Inner Flame              Hex/Fire       #.......     98%         3    ####...
 Lesser Beckoning         Tloc           #.........   98%         3    ####...
 Mephitic Cloud           Conj/Pois/Air  #.......     98%         3    ####...
 Ozocubu's Armour         Chrm/Ice       #.......     98%         3    ####...
 Portal Projectile        Hex/Tloc       #.....       98%         3    ####...
 Recall                   Summ/Tloc      N/A          98%         3    ####...
 Regeneration             Chrm/Necr      #.........   98%         3    ####...
 Spectral Weapon          Hex/Chrm       #.......     98%         3    ####...
 Spider Form              Tmut/Pois      #.........   98%         3    ####...
 Static Discharge         Conj/Air       #.......     98%         3    ####...
 Stone Arrow              Conj/Erth      #.....       98%         3    ####...
 Teleport Other           Tloc           #.......     98%         3    ####...
 Vampiric Draining        Necr           #.........   98%         3    ####...
 Animate Dead             Necr           N/A          100%        4    #####..
 Cause Fear               Hex            #.........   100%        4    #####..
 Fulminant Prism          Conj/Hex       #.........   100%        4    #####..
 Hailstorm                Conj/Ice       #.......     100%        4    #####..
 Ice Form                 Ice/Tmut       #.......     100%        4    #####..
 Iskenderun's Mystic Bla  Conj/Tloc      #.......     100%        4    #####..
 Leda's Liquefaction      Hex/Erth       #.........   100%        4    #####..
 Olgreb's Toxic Radiance  Pois           #.......     100%        4    #####..
 Petrify                  Tmut/Erth      #.......     100%        4    #####..
 Summon Ice Beast         Ice/Summ       #.......     100%        4    #####..
 Summon Lightning Spire   Summ/Air       #.......     100%        4    #####..
 Agony                    Necr           #.......     100%        5    ######.
 Alistair's Intoxication  Tmut/Pois      #.......     100%        5    ######.
 Aura of Abjuration       Summ           #.........   100%        5    ######.
 Blade Hands              Tmut           #.........   100%        5    ######.
 Bolt of Magma            Conj/Fire/Erth #.........   100%        5    ######.
 Borgnjor's Vile Clutch   Necr/Erth      #.........   100%        5    ######.
 Dispel Undead            Necr           #.......     100%        5    ######.
 Excruciating Wounds      Chrm/Necr      #.........   100%        5    ######.
 Irradiate                Conj/Tmut      #.........   100%        5    ######.
 Iskenderun's Battlesphe  Conj/Chrm      #.......     100%        5    ######.
 Lee's Rapid Deconstruct  Erth           #.........   100%        5    ######.
 Lightning Bolt           Conj/Air       #.........   100%        5    ######.
 Metabolic Englaciation   Hex/Ice        #.........   100%        5    ######.
 Silence                  Hex/Air        #.........   100%        5    ######.
 Summon Demon             Summ           #.........   100%        5    ######.
 Summon Forest            Summ/Tloc      #.........   100%        5    ######.
 Summon Mana Viper        Hex/Summ       #.......     100%        5    ######.
 Yara's Violent Unravell  Hex/Tmut       #.........   100%        5    ######.
 Conjure Ball Lightning   Conj/Air       #.........   100%        6    #######
 Darkness                 Hex            #.........   100%        6    #######
 Death Channel            Necr           #.........   100%        6    #######
 Deflect Missiles         Chrm/Air       #.........   100%        6    #######
 Eringya's Noxious Bog    Tmut/Pois      #.........   100%        6    #######
 Freezing Cloud           Conj/Ice/Air   #.........   100%        6    #######
 Hydra Form               Tmut           #.........   100%        6    #######
 Invisibility             Hex            #.......     100%        6    #######
 Iron Shot                Conj/Erth      #.........   100%        6    #######
 Shadow Creatures         Summ           N/A          100%        6    #######
 Simulacrum               Ice/Necr       #.........   100%        6    #######
 Starburst                Conj/Fire      #.........   100%        6    #######
 Statue Form              Tmut/Erth      #........    100%        6    #######
 Dragon Form              Tmut           #.........   100%        7    #######
 Malign Gateway           Summ/Tloc      #.........   100%        7    #######
 Monstrous Menagerie      Summ           #.........   100%        7    #######
 Orb of Destruction       Conj           #.........   100%        7    #######
 Ring of Flames           Chrm/Fire      #.........   100%        7    #######
 Spellforged Servitor     Conj/Summ      #.........   100%        7    #######
 Summon Greater Demon     Summ           #.........   100%        7    #######
 Summon Hydra             Summ           #.........   100%        7    #######
 Ignition                 Fire           #.........   100%        8    #######
 Summon Horrible Things   Summ           #.........   100%        8    #######
 Dragon's Call            Summ           #.........   100%        9    #######
 Shatter                  Erth           #.........   100%        9    #######
 Tornado                  Air            #.........   100%        9    #######
 Passage of Golubria      Tloc           Unusable     N/A         4    N/A

Dungeon Overview and Level Annotations

Branches:
Dungeon (15/15)            Temple (1/1) D:6            Lair (6/6) D:8
 Shoals (4/4) Lair:3        Snake (4/4) Lair:3        Slime (4/5) Lair:6
    Orc (2/2) D:12            Elf (3/3) Orc:2        Vaults (5/5) D:13
  Crypt (3/3) Vaults:3       Tomb (1/3) Crypt:3      Depths (5/5) D:15
   Hell (visited)             Zot (5/5) Depths:5      IceCv (visited)
    Dis: Hell:1         Geh: Hell:1         Coc: Hell:1         Tar: Hell:1

Altars:
Ashenzari
Dithmenos
Elyvilon
Fedhas
Gozag
Hepliaklqana
Kikubaaqudgha
Makhleb
Nemelex Xobeh
Okawaru
Qazlal
Ru
Sif Muna
Trog
Uskayaw
Vehumet
Wu Jian
Xom
Yredelemnul
The Shining One
Beogh
Jiyva

Shops:
D:7 ?   D:9 [   D:10 =!:   D:11 [   D:14 !   D:15 }!   Orc:2 (:[*   Snake:4 **
Vaults:1 ?   Vaults:2 }   Vaults:3 %

Portals:
Hell: Depths:1 Depths:2 Depths:3 Depths:4 Depths:5
Abyss: Depths:4 Depths:5
Pandemonium: Depths:3 Depths:4 Depths:5
Ziggurat: Depths:1

Annotations:
D:6 exclusion: downstairs
Shoals:4 1 exclusion
Elf:3 corrupted
Crypt:1 exclusion: door
Crypt:3 corrupted
Zot:5 corrupted
Abyss:1 Frederick; the Enchantress


Innate Abilities, Weirdness & Mutations

You are small and have problems with some larger weapons.
You are somewhat resistant to further mutation.
You are frail. (-10% HP)
You are resistant to electric shocks. (rElec)
You expend magic power (3 MP) to strengthen your wands.


Message History

There is an escape hatch in the ceiling here.
You puncture the Executioner!
The Executioner is lightly wounded.
The Executioner blinks!
A mysterious force pulls you upwards. The hatch slams shut behind you.
An Orb Guardian comes into view.
You puncture the Orb Guardian!
Space bends around the Orb Guardian.
The Orb Guardian is moderately wounded.
You puncture the Orb Guardian!
The Orb Guardian is heavily wounded.
The Orb Guardian blinks!
There is a stone staircase leading up here.
You block the Orb Guardian's attack.
You climb upwards.
There is a stone staircase leading down here.
You feel yourself speed up.
There is a large open door here.
Your extra speed is starting to run out.
There is a staircase leading out of the dungeon here.
You have escaped!

### ##### ###
##.####.≈.######@#
#.≈.##.≈.≈.#≈.P#.#
.≈≈≈..≈≈≈≈≈..≈..P#
≈≈≈≈≈≈≈≈≈≈≈≈≈≈≈.≈#
≈≈≈≈≈≈≈≈≈≈≈≈≈≈≈≈≈#
≈PP≈≈≈≈P≈P≈≈≈≈≈≈≈#
.P≈P≈≈PPPPP≈≈≈≈≈≈#
≈.≈≈P≈P≈P≈≈≈≈≈≈≈≈#
##################


There were no monsters in sight!

Vanquished Creatures
  Dissolution (Slime:3)
  Mennas (Crypt:2)
  4 ancient liches
  2 juggernauts (Depths:5)
  Saint Roka (Vaults:5)
  Xtahua (Depths:5)
  Margery (Crypt:3)
  Vashnia (Snake:2)
  A curse toe (Zot:5)
  Geryon (Hell)
  Jory (Crypt:3)
  A bone dragon (Crypt:3)
  15 golden dragons
  2 electric golems (Zot:5)
  A lich (Vaults:5)
  A hellephant (Abyss:3)
  13 tentacled monstrosities
  The ghost of Zadkiel the Bludgeoner, an adept FoFi of Makhleb (Snake:4)
  A shard shrike skeleton (Crypt:1)
  7 quicksilver dragons
  14 Orb Guardians
  2 acid blobs (Slime:4)
  13 titans
  12 deep elf blademasters
  Asterion (Snake:2)
  An Executioner (Abyss:3)
  6 deep elf master archers
  4 tentacled starspawn
  Frances (Snake:1)
  10 ancient champions
  4 sphinxes
  7 death cobs
  15 shadow dragons
  7 nagarajas
  3 thorn hunters (Depths:2)
  4 draconian monks
  5 revenants
  11 tengu reavers
  16 storm dragons
  The ghost of Docy the Tortoise, a journeyman MiBe of Trog (Lair:5)
  6 azure jellies
  19 fire giants
  4 ghost moths
  Ilsuiw (Shoals:2)
  19 frost giants
  An iron dragon (Depths:3)
  13 vault wardens
  3 deep elf sorcerers
  5 orc warlords
  3 draconian knights
  The ghost of tmwh the Warrior, a journeyman MiFi (Orc:2)
  2 balrugs (Abyss:3)
  2 draconian scorchers
  4 draconian stormcallers
  13 ghouls
  4 draconian shifters
  A juggernaut zombie (Crypt:2)
  An angel (Abyss:3)
  A curse skull (Crypt:3)
  7 draconian annihilators
  9 very ugly things
  15 ironheart preservers
  8 deep elf elementalists
  3 reapers
  A war gargoyle (Vaults:5)
  2 ophanim (Abyss:3)
  12 vampire knights
  3 entropy weavers
  A juggernaut skeleton (Depths:1)
  2 grey draconians (Depths:5)
  17 stone giants
  8 deep elf demonologists
  9 black draconians
  12 green draconians
  5 deep elf annihilators
  10 purple draconians
  13 red draconians
  4 white draconians (Zot:2)
  4 yellow draconians
  3 spark wasps (Depths:4)
  The ghost of Nufurhu the Blocker, a journeyman GrFi of Ashenzari (Orc:1)
  A mummy priest (Crypt:3)
  15 ettins
  10 merfolk impalers
  3 eidola
  4 merfolk javelineers
  14 yaktaur captains
  12 deep elf death magi
  9 fire dragons
  11 jiangshi
  2 blizzard demons (IceCv)
  6 deep elf high priests
  8 great orbs of eyes
  6 rakshasas
  Harold (Lair:1)
  30 vault guards
  14 hydras
  9 naga warriors
  6 starcursed masses
  10 ice dragons
  3 anacondas
  A hell beast (Depths:2)
  4 spriggan air magi
  2 catoblepae
  3 merfolk avatars
  The ghost of Armakuni the Carver, a novice DgFi (Lair:1)
  An alligator snapping turtle (Shoals:4)
  22 centaur warriors
  A juggernaut simulacrum (Depths:4)
  3 merfolk aquamancers
  15 ogre magi
  49 two-headed ogres
  5 tengu warriors
  A titan zombie (Crypt:3)
  A death yak (Lair:3)
  22 dancing weapons
  5 death knights
  6 deep troll shamans
  An anaconda (shapeshifter) (Vaults:5)
  2 satyrs
  6 hell hogs
  15 vampire magi
  9 deep troll earth magi
  An orc high priest (Orc:2)
  10 thrashing horrors
  21 naga sharpshooters
  7 hell knights
  A titan skeleton (Crypt:3)
  3 shock serpents
  6 spriggan berserkers
  Nergalle (D:11)
  4 soul eaters
  31 deep elf knights
  3 sun demons
  20 orc knights
  2 sixfirhies (Abyss:3)
  24 skeletal warriors
  A fire crab (shapeshifter) (Vaults:1)
  2 salamander mystics
  A ghost moth zombie (Crypt:3)
  2 shadow wraiths
  2 iron trolls
  3 wretched stars (Abyss:3)
  2 spatial maelstroms (Abyss:3)
  2 death drakes (Abyss:3)
  7 unseen horrors
  An infernal demonspawn (Depths:5)
  12 flayed ghosts
  A torturous demonspawn (Depths:5)
  An unseen horror (shapeshifter) (Vaults:4)
  9 sea snakes
  3 swamp dragons (Depths:5)
  30 deep trolls
  A swamp dragon (shapeshifter) (Depths:3)
  5 glowing orange brains
  9 naga ritualists
  18 ironbrand convokers
  13 phantasmal warriors
  An obsidian statue (Snake:4)
  13 necromancers
  22 deep elf archers
  2 wolf spider zombies
  5 wizards
  A lindwurm (Lair:6)
  A sphinx zombie (Crypt:3)
  3 harpies (Vaults:2)
  77 deep elf magi
  10 mana vipers
  6 shining eyes
  3 wolf spiders
  A lindwurm (shapeshifter) (Vaults:1)
  A wolf spider (shapeshifter) (Vaults:5)
  2 frost giant zombies
  A stone giant zombie (Crypt:1)
  14 fauns
  A fire giant zombie (Crypt:1)
  44 ugly things
  12 manticores
  6 oklob plants
  6 orc sorcerers
  8 salamanders
  15 cyclopes
  22 large abominations
  34 moths of wrath
  2 apocalypse crabs
  2 worldbinders (Abyss:3)
  8 merfolk sirens
  A salamander (shapeshifter) (Vaults:3)
  19 naga magi
  A black mamba (shapeshifter) (D:15)
  5 water nymphs
  5 guardian serpents
  3 rust devils
  A stone giant skeleton (Crypt:3)
  2 molten gargoyles (Lair:6)
  34 black mambas
  Psyche (D:8)
  13 vault sentinels
  2 torpor snails
  An ice statue (IceCv)
  3 eyes of devastation
  3 gargoyles
  11 smoke demons
  12 spiny frogs
  3 orange demons (Abyss:3)
  Joseph (Lair:1)
  57 yaktaurs
  A hellion (Abyss:3)
  A titan simulacrum (Crypt:1)
  A kobold demonologist (D:11)
  A golden dragon simulacrum (IceCv)
  A black draconian zombie (Crypt:3)
  A tormentor (Abyss:3)
  12 freezing wraiths
  4 ancient zymes (Abyss:3)
  2 rime drakes
  5 efreet
  14 komodo dragons
  A minotaur skeleton (Crypt:1)
  11 ice devils
  A komodo dragon (shapeshifter) (Vaults:4)
  3 hellwings
  A yaktaur (shapeshifter) (Depths:4)
  2 tengu conjurers
  6 anaconda simulacra (IceCv)
  2 spriggan skeletons
  5 guardian mummies (Crypt:3)
  A red draconian skeleton (Crypt:3)
  2 meliai (shapeshifter)
  A death yak skeleton (Crypt:1)
  2 queen bees (shapeshifter)
  12 trolls
  A polar bear (Lair:5)
  5 meliai (Abyss:3)
  A red devil (Abyss:3)
  2 jumping spiders (shapeshifter)
  A jumping spider (Vaults:4)
  32 merfolk
  2 queen bees
  A hydra zombie (Crypt:2)
  5 wind drakes
  16 hornets
  7 dream sheep
  20 raiju
  66 slime creatures
  14 hippogriffs
  2 bog bodies (Crypt:3)
  A snapping turtle (shapeshifter) (Depths:3)
  9 snapping turtles
  2 frost giant simulacra
  A stone giant simulacrum (Depths:1)
  19 blink frogs
  A sphinx simulacrum (Vaults:3)
  A hippogriff (shapeshifter) (Vaults:2)
  An ettin zombie (Hell)
  A spriggan zombie (Depths:2)
  2 redbacks (Vaults:4)
  2 air elementals (Elf:2)
  3 dire elephant simulacra (IceCv)
  2 spriggans (Depths:2)
  8 wraiths
  9 flying skulls (Crypt:2)
  2 centaur simulacra
  5 ynoxinuls (Abyss:3)
  8 fire elementals
  An ettin skeleton (Abyss:3)
  30 yaks
  3 vampires
  7 wyverns
  14 water elementals
  A fire bat (Abyss:3)
  3 shadows
  11 basilisks
  2 fire bats (shapeshifter)
  A neqoxec (Abyss:3)
  11 golden eyes
  5 chaos spawn
  4 steam dragons
  2 hungry ghosts
  3 iron troll simulacra (IceCv)
  18 wargs
  A spatial vortex (Abyss:3)
  A water nymph zombie (Crypt:1)
  A harpy simulacrum (IceCv)
  47 nagas
  15 water moccasins
  2 hydra simulacra (IceCv)
  7 acid dragons
  A monstrous demonspawn zombie (Crypt:1)
  3 floating eyes
  4 hell hounds
  12 porcupines
  A water nymph skeleton (Crypt:3)
  A spiny frog zombie (Abyss:3)
  A monstrous demonspawn skeleton (Crypt:3)
  6 eyes of draining
  A gelid demonspawn skeleton (Crypt:3)
  3 ice beasts
  A hornet zombie (D:11)
  44 orc warriors
  A deep troll simulacrum (Depths:1)
  2 ettin simulacra (IceCv)
  2 black bears (shapeshifter) (Vaults:4)
  An elephant zombie (Crypt:2)
  3 sky beasts
  A black mamba simulacrum (Crypt:1)
  An alligator simulacrum (IceCv)
  3 necrophages
  3 boggarts (Depths:1)
  42 ogres
  7 phantoms
  22 centaurs
  A dream sheep skeleton (Crypt:3)
  13 wolves
  15 crocodiles
  3 elf zombies
  A hog skeleton (Crypt:3)
  A human zombie (Vaults:3)
  21 bullfrogs
  A gnoll sergeant (D:10)
  2 big kobolds
  An earth elemental (Elf:1)
  A water moccasin zombie (D:10)
  A wyvern skeleton (D:10)
  A scorpion (D:7)
  14 small abominations
  32 killer bees
  A yak zombie (Crypt:1)
  6 howler monkeys
  21 wights
  7 electric eels
  3 crimson imps
  A bullfrog zombie (D:11)
  5 centaur zombies
  5 lava snakes (Lair:6)
  5 draconian simulacra (IceCv)
  3 quasits
  3 jellies
  A bullfrog skeleton (D:11)
  4 centaur skeletons
  19 orc priests
  10 hounds
  7 iron imps
  4 iguanas
  8 worker ants
  A human skeleton (Abyss:3)
  25 orc wizards
  6 spriggan simulacra
  2 troll simulacra (IceCv)
  A naga skeleton (Crypt:1)
  A demigod skeleton (Crypt:2)
  A hound skeleton (D:4)
  A howler monkey zombie (D:11)
  14 gnolls
  A worker ant zombie (D:5)
  9 adders
  A howler monkey skeleton (D:8)
  3 naga simulacra (IceCv)
  A scorpion zombie (Crypt:1)
  A swamp drake zombie (Crypt:2)
  3 shadow imps
  9 white imps
  11 ufetubi
  An ooze (D:7)
  2 adder zombies (D:7)
  3 worms
  4 dart slugs
  4 leopard geckos
  68 orcs
  4 bats
  6 giant cockroaches
  5 goblins
  7 hobgoblins
  13 jackals
  8 kobolds
  3 quokkas
  A frilled lizard (D:3)
  A giant cockroach zombie (Crypt:2)
  A kobold zombie (Crypt:1)
  6 rats
  A river rat zombie (Crypt:1)
  A briar patch (Depths:2)
  2 plants
  5 starspawn tentacles
2714 creatures vanquished.

Vanquished Creatures (collateral kills)
  A merfolk impaler (Shoals:4)
  An orc high priest (Orc:2)
  2 hell knights (Crypt:3)
  A guardian mummy (Crypt:3)
  A shadow (D:11)
  An orc warrior (Orc:2)
  An orc priest (Orc:2)
  An orc wizard (Orc:2)
  2 orcs (Orc:2)
11 creatures vanquished.

Vanquished Creatures (others)
  2 ancient liches (Crypt:3)
  2 Killer Klowns (Zot:5)
  A golden dragon (Zot:5)
  A pandemonium lord (D:13)
  An electric golem (Zot:5)
  A tentacled monstrosity (Zot:5)
  6 Orb Guardians
  2 titans
  2 deep elf master archers (Elf:3)
  A tentacled starspawn (Abyss:2)
  2 liches (Crypt:3)
  3 shadow dragons
  A draconian monk (Zot:4)
  2 fire giants
  An orc warlord (Depths:4)
  4 deep elf sorcerers (Elf:3)
  A spriggan defender (Depths:2)
  A caustic shrike skeleton (Depths:4)
  A very ugly thing (Abyss:3)
  A stone giant (Depths:4)
  2 green draconians
  A black draconian (Vaults:1)
  3 deep elf demonologists (Elf:3)
  A yellow draconian (Zot:5)
  A white draconian (Zot:5)
  A deep elf annihilator (Elf:3)
  A deep elf death mage (Elf:3)
  A yaktaur captain (Vaults:5)
  A great orb of eyes (Slime:3)
  A deep elf high priest (Vaults:5)
  A dancing weapon (Elf:3)
  A tengu warrior (Depths:3)
  A spriggan berserker (Depths:2)
  2 wretched stars (Abyss:3)
  A shadow wraith (Crypt:3)
  An unseen horror (Abyss:3)
  3 skeletal warriors (Crypt:3)
  A wizard (Depths:2)
  A necromancer (Elf:1)
  2 deep elf magi
  A shining eye (Slime:4)
  A moth of wrath (Zot:4)
  A slime creature (Slime:4)
  A salamander (shapeshifter) (Elf:3)
  A smoke demon (Abyss:1)
  A water nymph (Depths:2)
  A yaktaur (Depths:4)
  A raiju (Abyss:2)
  A hornet (Abyss:3)
  4 large abominations
  A naga (Snake:3)
  A spatial vortex (Abyss:3)
  An orc warrior (Vaults:5)
  A small abomination (Abyss:3)
  A polar bear zombie (Crypt:3)
  A wight (D:11)
  4 orcs
  2 bushes
  7 demonic plants
  2 fungi (Lair:4)
  28 plants
  34 starspawn tentacles
  2 withered plants (D:9)
161 creatures vanquished.

Grand Total: 2886 creatures vanquished

Notes
Turn   | Place    | Note
-------+----------+-------------------------------------------
     0 | D:1      | Jindul the Halfling Assassin began the quest for the Orb.
     0 | D:1      | Reached XP level 1. HP: 14/14 MP: 1/1
   123 | D:1      | Reached XP level 2. HP: 10/19 MP: 2/2
   851 | D:1      | Reached XP level 3. HP: 20/24 MP: 3/3
  1131 | D:2      | Found a shattered altar of Ashenzari.
  1647 | D:2      | Reached XP level 4. HP: 29/29 MP: 4/4
  2579 | D:3      | Reached XP level 5. HP: 27/35 MP: 5/5
  3108 | D:3      | Found a sacrificial altar of Ru.
  3109 | D:3      | Found a basalt altar of Yredelemnul.
  3109 | D:3      | Found a sparkling altar of Nemelex Xobeh.
  3109 | D:3      | Found an iron altar of Okawaru.
  3132 | D:3      | Became a worshipper of Warmaster Okawaru
  3172 | D:3      | Found a bloodstained altar of Trog.
  3472 | D:4      | Reached skill level 5 in Stealth
  3516 | D:4      | Reached XP level 6. HP: 20/41 MP: 6/6
  4202 | D:4      | Noticed an ogre
  4224 | D:4      | Killed an ogre
  4224 | D:4      | Reached skill level 5 in Short Blades
  4224 | D:4      | Reached XP level 7. HP: 46/46 MP: 7/7
  4696 | D:5      | Entered Level 5 of the Dungeon
  4886 | D:5      | Got a warped scale mail
  5086 | D:5      | Reached * piety under Okawaru
  5386 | D:5      | Found a burning altar of Makhleb.
  5505 | D:6      | Identified the +6 scale mail of Mezcal {Stlth+} (You found
                  | it on level 5 of the Dungeon)
  5701 | D:6      | Found an ornate altar of the Wu Jian Council.
  6262 | D:6      | Found a staircase to the Ecumenical Temple.
  6541 | Temple   | Entered the Ecumenical Temple
  6893 | D:7      | Noticed a two-headed ogre
  6896 | D:7      | Reached XP level 8. HP: 44/52 MP: 8/8
  6941 | D:7      | Reached skill level 6 in Stealth
  6947 | D:7      | Found an ancient bone altar of Kikubaaqudgha.
  7455 | D:7      | Found Luroliri's Magic Scroll Boutique.
  7466 | D:7      | Bought a scroll of blinking for 97 gold pieces
  7466 | D:7      | Bought a scroll of enchant armour for 97 gold pieces
  7468 | D:7      | Bought a scroll of identify for 26 gold pieces
  7468 | D:7      | Bought a scroll of identify for 26 gold pieces
  7478 | D:7      | Reached ** piety under Okawaru
  7865 | D:8      | Reached XP level 9. HP: 43/58 MP: 9/9
  7878 | D:8      | Noticed a two-headed ogre
  7895 | D:9      | Noticed a centaur warrior
  7897 | D:9      | Killed a centaur warrior
  7897 | D:9      | Reached skill level 5 in Throwing
  7897 | D:9      | Reached skill level 5 in Dodging
  7897 | D:9      | Reached skill level 7 in Stealth
  8059 | D:9      | Reached *** piety under Okawaru
  8219 | D:9      | Found Byv Rou's Antique Armour Boutique.
  8222 | D:9      | Bought a pair of gloves for 148 gold pieces
  8237 | D:9      | Found an iron altar of Okawaru.
  8461 | D:9      | Noticed a troll
  8479 | D:10     | Entered Level 10 of the Dungeon
  8479 | D:10     | Found Byocs's Distillery.
  8501 | D:10     | Bought a potion of degeneration for 13 gold pieces
  8501 | D:10     | Bought a potion of curing for 39 gold pieces
  8505 | D:10     | Found Reopomp's Jewellery Boutique.
  8594 | D:10     | Reached skill level 8 in Stealth
  8594 | D:10     | Reached XP level 10. HP: 59/62 MP: 10/10
  8738 | D:10     | Noticed a two-headed ogre
  8819 | D:11     | Noticed a cyclops
  8862 | D:11     | Killed a cyclops
  8862 | D:11     | Reached **** piety under Okawaru
  8862 | D:11     | Reached skill level 10 in Short Blades
  9220 | D:11     | Noticed Nergalle
  9231 | D:11     | Noticed a purple ugly thing
  9715 | D:8      | Found a shadowy altar of Dithmenos.
  9760 | D:7      | Killed a two-headed ogre
  9760 | D:7      | Reached ***** piety under Okawaru
  9760 | D:7      | Reached skill level 9 in Stealth
 10658 | D:8      | Killed a two-headed ogre
 10658 | D:8      | Received a gift from Okawaru
 10658 | D:8      | Reached XP level 11. HP: 68/68 MP: 9/11
 10876 | D:8      | Noticed Psyche
 10881 | D:8      | Killed Psyche
 10958 | D:8      | Reached skill level 10 in Stealth
 11096 | D:8      | Found a staircase to the Lair.
 11348 | Lair:1   | Entered Level 1 of the Lair of Beasts
 11350 | Lair:1   | Reached skill level 5 in Fighting
 11763 | Lair:1   | Noticed Joseph
 11763 | Lair:1   | Noticed a six-headed hydra
 11905 | D:9      | Found an ancient bone altar of Kikubaaqudgha.
 11906 | D:9      | Found a blossoming altar of Fedhas.
 11941 | D:9      | Found a blossoming altar of Fedhas.
 11943 | D:9      | Noticed an oklob plant
 11943 | D:9      | Noticed an oklob plant
 11945 | D:9      | Killed an oklob plant
 11945 | D:9      | Reached skill level 11 in Stealth
 11947 | D:9      | Killed an oklob plant
 12160 | D:10     | Received a gift from Okawaru
 12220 | D:10     | Noticed a centaur warrior
 12228 | D:10     | Paralysed by a hornet for 3 turns
 12568 | D:10     | Killed an unseen horror
 12569 | D:10     | Noticed a green ugly thing
 12729 | D:10     | Identified the ring "Ciplostraes" {Fire rElec rN+ Dex-2}
 12744 | D:10     | Killed a centaur warrior
 12744 | D:10     | Reached skill level 12 in Stealth
 12744 | D:10     | Reached XP level 12. HP: 72/78 MP: 12/12
 13034 | D:10     | Received a gift from Okawaru
 13282 | D:10     | Reached skill level 1 in Invocations
 13414 | D:10     | Got a sparkling turquoise ring
 13421 | D:10     | Got a clouded ivory ring
 13424 | D:10     | Got a smoking steel ring
 13448 | D:10     | Killed an unseen horror
 13448 | D:10     | Reached ****** piety under Okawaru
 13448 | D:10     | Received a gift from Okawaru
 13456 | D:10     | Identified the ring "Rytan" {rElec Str+6 Int+6 Dex-3
                  | Stlth+} (You found it on level 10 of the Dungeon)
 13458 | D:10     | Identified the ring "Rifirud" {MR+ Str+2 Int+2 Slay+3} (You
                  | found it on level 10 of the Dungeon)
 13460 | D:10     | Identified the ring "Qoechipp" {Str+3 Int+3 Slay-6 Stlth+}
                  | (You found it on level 10 of the Dungeon)
 13709 | D:10     | Found Cuyzyul's Book Emporium.
 13749 | D:10     | Received a gift from Okawaru
 13788 | D:10     | Killed a two-headed ogre
 14269 | D:11     | Reached skill level 13 in Stealth
 14390 | D:7      | Bought a scroll of teleportation for 39 gold pieces
 14390 | D:7      | Bought a scroll of teleportation for 39 gold pieces
 14653 | D:11     | Noticed a two-headed ogre
 14655 | D:11     | Killed a two-headed ogre
 15066 | D:11     | Reached skill level 10 in Dodging
 15105 | D:11     | Reached skill level 14 in Stealth
 15105 | D:11     | Reached XP level 13. HP: 88/88 MP: 14/16
 15121 | D:11     | Found Vagit's Armour Shop.
 15242 | D:12     | Found a staircase to the Orcish Mines.
 15305 | D:12     | Reached skill level 5 in Invocations
 15347 | D:12     | Found a portal to a secret trove of treasure.
 15536 | D:12     | Found a shimmering blue altar of Sif Muna.
 16080 | D:11     | Killed Nergalle
 16144 | D:11     | Reached XP level 14. HP: 68/95 MP: 18/18
 16770 | D:13     | Received a gift from Okawaru
 16771 | D:13     | Got a shimmering rapier {god gift}
 16772 | D:13     | Identified the +4 rapier of Dulozyla {pierce, rElec rC+++
                  | Str-3 Dex+10} (Okawaru gifted it to you on level 13 of the
                  | Dungeon)
 17784 | D:13     | Found a gate to the Vaults.
 18238 | Lair:1   | Killed Joseph
 18600 | Lair:1   | Noticed Harold
 18630 | Lair:1   | Reached skill level 15 in Stealth
 18643 | Lair:1   | Killed Harold
 18783 | Lair:1   | Reached skill level 1 in Armour
 19008 | Lair:1   | Found a runed translucent gate.
 19011 | Lair:1   | Found a runed translucent gate.
 19011 | Lair:1   | Found a runed translucent gate.
 19012 | Lair:1   | Noticed Armakuni's ghost (novice DgFi)
 19088 | Lair:1   | Killed Armakuni's ghost
 19088 | Lair:1   | Received a gift from Okawaru
 20294 | Lair:2   | Received a gift from Okawaru
 20616 | Lair:3   | Found a staircase to the Shoals.
 20814 | Lair:3   | Received a gift from Okawaru
 20817 | Lair:3   | Got a polished rapier {god gift}
 20818 | Lair:3   | Identified the +0 rapier of the Shark {drain, *Drain +Fly
                  | rElec Str+8} (Okawaru gifted it to you on level 3 of the
                  | Lair of Beasts)
 20865 | Lair:3   | Found a staircase to the Snake Pit.
 22309 | Lair:3   | Reached XP level 15. HP: 93/101 MP: 20/20
 23017 | Lair:5   | Received a gift from Okawaru
 23136 | Lair:5   | Found a runed translucent gate.
 23136 | Lair:5   | Found a runed translucent gate.
 23136 | Lair:5   | Found a runed translucent gate.
 23137 | Lair:5   | Noticed Docy's ghost (journeyman MiBe)
 23392 | Lair:5   | Reached skill level 16 in Stealth
 23562 | Lair:5   | Identified the Disquisition on Assistive Flames
 23926 | Lair:5   | Killed Docy's ghost
 24086 | Lair:6   | Entered Level 6 of the Lair of Beasts
 24237 | Lair:6   | Received a gift from Okawaru
 24933 | Lair:6   | Found a large runed translucent door.
 24934 | Lair:6   | Found a large runed translucent door.
 25663 | Lair:6   | Received a gift from Okawaru
 25833 | Lair:6   | Reached skill level 17 in Stealth
 26030 | Lair:6   | Found a viscous altar of Jiyva.
 26030 | Lair:6   | Found a staircase to the Slime Pits.
 26434 | Shoals:1 | Entered Level 1 of the Shoals
 26827 | Shoals:1 | Reached XP level 16. HP: 108/108 MP: 22/22
 27180 | Shoals:2 | Upgraded the game from 0.25-a0-246-g58704a1ebd to
                  | 0.25-a0-248-g18654cfe15
 27226 | Shoals:2 | Noticed Ilsuiw
 27473 | Shoals:2 | Killed Ilsuiw
 27473 | Shoals:2 | Received a gift from Okawaru
 27737 | Shoals:2 | Received a gift from Okawaru
 27955 | Shoals:2 | Reached skill level 1 in Evocations
 28551 | Shoals:3 | Reached skill level 18 in Stealth
 28806 | Shoals:3 | Found a flickering gateway to a bazaar.
 28849 | Bazaar   | Entered a bazaar
 28935 | Bazaar   | Found Saunurch's Gadget Shop.
 28952 | Bazaar   | Found Xekhliocibb's Jewellery Boutique.
 28952 | Bazaar   | Found Ycsuma's Weapon Shop.
 28982 | Bazaar   | Found Kimufiyl's Distillery.
 29000 | Bazaar   | Bought a potion of curing for 27 gold pieces
 29368 | Shoals:3 | Got an ichor-stained leather armour
 29399 | Shoals:3 | Received a gift from Okawaru
 29400 | Shoals:3 | Got a jewelled cloak {god gift}
 30127 | Orc:1    | Entered Level 1 of the Orcish Mines
 30132 | Orc:1    | You fall into a shaft and drop 1 floor!
 30132 | Orc:2    | Entered Level 2 of the Orcish Mines
 30494 | Orc:2    | Found a runed translucent gate.
 30494 | Orc:2    | Found a runed translucent gate.
 30494 | Orc:2    | Found a runed translucent gate.
 30497 | Orc:2    | Noticed tmwh's ghost (journeyman MiFi)
 30579 | Orc:2    | Killed tmwh's ghost
 30597 | Orc:2    | Found a staircase to the Elven Halls.
 30753 | Orc:2    | Reached skill level 19 in Stealth
 31205 | Orc:2    | Reached XP level 17. HP: 112/112 MP: 23/23
 31257 | Orc:2    | Found a roughly hewn altar of Beogh.
 31394 | Orc:2    | Found Onora's Book Shop.
 31476 | Orc:2    | Found Oguno's Antique Weapon Shop.
 31481 | Orc:2    | Found Gycaomm's General Store.
 31498 | Orc:2    | Bought a ration for 60 gold pieces
 31498 | Orc:2    | Bought a potion of curing for 36 gold pieces
 31498 | Orc:2    | Bought a ration for 60 gold pieces
 31498 | Orc:2    | Bought a scroll of identify for 24 gold pieces
 31897 | Orc:2    | Found Kohoq's Antique Armour Shop.
 31903 | Orc:2    | Bought a pair of glowing gloves for 240 gold pieces
 31903 | Orc:2    | Bought a pair of embroidered gloves for 240 gold pieces
 31903 | Orc:2    | Bought a translucent leather armour for 224 gold pieces
 31913 | Orc:2    | Identified the cursed +1 leather armour of Catatonia {rCorr
                  | Int+3 Stlth-} (You found it on level 3 of the Shoals)
 31930 | Orc:2    | Identified the +1 cloak "Lixoru Heapn" {*Contam rElec rF+
                  | Dex+4} (Okawaru gifted it to you on level 3 of the Shoals)
 31963 | Orc:2    | Identified the cursed +0 leather armour "Derchiese" {*Slow
                  | rPois rC+} (You bought it in a shop on level 2 of the
                  | Orcish Mines)
 32243 | Elf:1    | Entered Level 1 of the Elven Halls
 32929 | Orc:1    | Found a runed translucent gate.
 32930 | Orc:1    | Found a runed translucent gate.
 32930 | Orc:1    | Noticed Nufurhu's ghost (journeyman GrFi)
 32931 | Orc:1    | Found a runed translucent gate.
 33068 | Orc:1    | Killed Nufurhu's ghost
 33463 | Orc:2    | Received a gift from Okawaru
 34146 | D:12     | Reached skill level 20 in Stealth
 34342 | D:13     | Reached skill level 1 in Shields
 34910 | D:14     | Received a gift from Okawaru
 35039 | D:14     | Found Neir Kau's Distillery.
 35050 | D:14     | Bought a potion of curing for 45 gold pieces
 35050 | D:14     | Bought a potion of might for 60 gold pieces
 35263 | D:15     | Entered Level 15 of the Dungeon
 35701 | D:15     | Found Emotua's Distillery.
 35709 | D:15     | Bought a potion of heal wounds for 95 gold pieces
 35709 | D:15     | Bought a potion of curing for 57 gold pieces
 35709 | D:15     | Bought a potion of agility for 76 gold pieces
 36395 | D:15     | Received a gift from Okawaru
 36435 | D:15     | Reached skill level 15 in Dodging
 36460 | D:15     | Reached XP level 18. HP: 118/118 MP: 24/24
 36745 | D:15     | Reached skill level 21 in Stealth
 37071 | D:15     | Found Visekkinn's Gadget Boutique.
 37103 | D:15     | Reached skill level 5 in Shields
 37234 | D:15     | Found a staircase to the Depths.
 37936 | Shoals:4 | Entered Level 4 of the Shoals
 38228 | Shoals:4 | Identified the Papyrus of Assistive Battle Magic
 38855 | Shoals:4 | Got a barnacled rune of Zot
 39087 | Shoals:4 | Got an opalescent robe
 39096 | Shoals:4 | Identified the +1 robe of Sobraet {-Cast rElec rN+ Stlth+}
                  | (You found it on level 4 of the Shoals)
 39902 | Shoals:4 | Got a scorched helmet
 39919 | Shoals:4 | Identified the +0 helmet of the Slorg {*Drain rPois Str+10
                  | Int+2} (You found it on level 4 of the Shoals)
 40024 | Shoals:4 | Received a gift from Okawaru
 40744 | Snake:1  | Entered Level 1 of the Snake Pit
 40791 | Snake:1  | Noticed Frances
 41174 | Snake:1  | Received a gift from Okawaru
 41323 | Snake:1  | Got a pair of polished boots
 41324 | Snake:1  | Identified the +2 pair of boots of the Lumpy Wonders {rF+}
                  | (You found it on level 1 of the Snake Pit)
 42074 | Snake:1  | Killed Frances
 42074 | Snake:1  | Reached skill level 22 in Stealth
 42245 | Snake:2  | Noticed Vashnia
 42270 | Snake:2  | Killed Vashnia
 42302 | Snake:2  | Found a frozen archway.
 42309 | IceCv    | Entered an ice cave
 42556 | IceCv    | Reached XP level 19. HP: 118/124 MP: 25/25
 43050 | IceCv    | Received a gift from Okawaru
 43724 | Snake:2  | Noticed Asterion
 43729 | Snake:2  | Killed Asterion
 44124 | Snake:3  | Reached skill level 23 in Stealth
 44533 | Snake:3  | Upgraded the game from 0.25-a0-248-g18654cfe15 to
                  | 0.25-a0-253-g6f1b5d974a
 44606 | Snake:3  | Got an iridescent broad axe
 44656 | Snake:3  | Received a gift from Okawaru
 44872 | Snake:4  | Entered Level 4 of the Snake Pit
 45080 | Snake:4  | Found Vyucvae's General Store.
 45117 | Snake:4  | Got a spiked cloak
 45154 | Snake:4  | Found a runed translucent gate.
 45155 | Snake:4  | Found a runed translucent gate.
 45156 | Snake:4  | Found a runed translucent gate.
 45156 | Snake:4  | Found an opulent altar of Gozag.
 45157 | Snake:4  | Noticed Zadkiel's ghost (adept FoFi)
 45160 | Snake:4  | Found Odoalid's Assorted Antiques.
 45536 | Elf:1    | Identified the cursed +0 cloak of Pride {rF+ Str+3 Dex-5}
                  | (You found it on level 4 of the Snake Pit)
 45537 | Elf:1    | Identified the +4 broad axe of Agony {holy, +Rage MR+} (You
                  | found it on level 3 of the Snake Pit)
 45852 | Elf:1    | Received a gift from Okawaru
 45996 | Elf:1    | Identified Ofoept's Grimoire of Unholy Secrets
 46940 | Elf:2    | Received a gift from Okawaru
 46947 | Elf:2    | Got a twisted dagger {god gift}
 46948 | Elf:2    | Identified the +7 dagger of Righteous Anger {flame, MR+
                  | Str+3 Dex+3} (Okawaru gifted it to you on level 2 of the
                  | Elven Halls)
 46960 | Elf:2    | Found a runed translucent gate.
 46960 | Elf:2    | Found a runed translucent gate.
 46961 | Elf:2    | Found a runed translucent gate.
 47169 | Vaults:1 | Entered Level 1 of the Vaults
 47254 | Vaults:1 | Reached XP level 20. HP: 120/130 MP: 26/26
 47442 | Vaults:1 | You fall into a shaft and drop 1 floor!
 47915 | Vaults:2 | Reached skill level 24 in Stealth
 48026 | Vaults:2 | Received a gift from Okawaru
 48027 | Vaults:2 | Got a faintly glowing scale mail {god gift}
 48028 | Vaults:2 | Identified the +3 scale mail of Ceuxzei {rPois Str+4 Dex+4}
                  | (Okawaru gifted it to you on level 2 of the Vaults)
 48092 | Vaults:2 | Reached skill level 10 in Fighting
 48229 | Vaults:2 | Got a heavily runed iron ring
 48230 | Vaults:2 | Identified the ring of the Iron Devil {rElec rPois rF++
                  | Dex-3 Stlth-} (You found it on level 2 of the Vaults)
 48274 | Vaults:2 | Found Nani's Gadget Boutique.
 48312 | Vaults:2 | Identified the Handbook of Stolen Souls and Contamination
 48397 | Vaults:2 | Reached skill level 15 in Short Blades
 49642 | Vaults:3 | Reached XP level 21. HP: 121/138 MP: 21/27
 49894 | Vaults:3 | Found a staircase to the Crypt.
 49930 | Vaults:3 | Received a gift from Okawaru
 49944 | Vaults:3 | Got a steaming short sword {god gift}
 50040 | Vaults:3 | Found Qaesut's Food Emporium.
 50363 | Vaults:3 | Identified the +2 short sword of Excruciating Pain {pain,
                  | +Inv rF+} (Okawaru gifted it to you on level 3 of the
                  | Vaults)
 50491 | Vaults:3 | Reached skill level 25 in Stealth
 51018 | Lair:1   | Cast into level 3 of the Abyss (a distortion unwield)
 51142 | Abyss:3  | Noticed a bone dragon
 51169 | Abyss:3  | Received a gift from Okawaru
 52282 | Abyss:3  | Found a corrupted altar of Lugonu.
 52288 | Abyss:3  | Fell from the grace of Okawaru
 52288 | Abyss:3  | Became a worshipper of Lugonu the Unformed
 52288 | Abyss:3  | Reached * piety under Lugonu
 52304 | Abyss:3  | Found a corrupted altar of Lugonu.
 53448 | Abyss:3  | Paralysed by accursed screaming for 1 turns
 53511 | Abyss:3  | Found a corrupted altar of Lugonu.
 53533 | Abyss:3  | Reached XP level 22. HP: 83/147 MP: 28/28
 53539 | Abyss:3  | Found a corrupted altar of Lugonu.
 53546 | Abyss:3  | Found a glowing golden altar of the Shining One.
 53697 | Abyss:3  | Found a corrupted altar of Lugonu.
 53714 | Lair:1   | Escaped the Abyss
 54421 | Depths:1 | Entered Level 1 of the Depths
 55934 | Snake:4  | Reached skill level 26 in Stealth
 57053 | Snake:4  | Reached ** piety under Lugonu
 57142 | Snake:4  | Got a serpentine rune of Zot
 57986 | Elf:3    | Entered Level 3 of the Elven Halls
 59111 | Elf:2    | Reached *** piety under Lugonu
 59988 | Vaults:1 | Was forgiven by Okawaru
 60212 | Vaults:1 | Found Vemuff's Magic Scroll Shop.
 60247 | Vaults:1 | Bought a scroll of blinking for 112 gold pieces
 60247 | Vaults:1 | Bought a scroll of enchant armour for 112 gold pieces
 60610 | Vaults:1 | Reached XP level 23. HP: 149/153 MP: 29/29
 60731 | Vaults:1 | Reached skill level 27 in Stealth
 61564 | Vaults:1 | Reached **** piety under Lugonu
 63350 | Vaults:4 | Reached ***** piety under Lugonu
 65652 | Depths:1 | Found a gateway to a ziggurat.
 65693 | Depths:1 | Reached skill level 10 in Invocations
 65895 | Depths:2 | Reached XP level 24. HP: 164/166 MP: 30/30
 66287 | Depths:1 | Got a faintly glowing helmet
 66288 | Depths:1 | Identified the +0 helmet of Oqupnunu {rF+ rC+ Int+4} (You
                  | found it on level 1 of the Depths)
 66309 | Depths:1 | Found a gateway to Hell.
 66432 | Depths:1 | Paralysed by a floating eye for 3 turns
 66510 | Depths:1 | Reached skill level 10 in Shields
 67040 | Depths:2 | Reached ****** piety under Lugonu
 67117 | Depths:2 | Identified the +7 rapier of Overwhelming Force {pierce, rC+
                  | MR+ Str+3}
 67118 | Depths:2 | Upgraded the game from 0.25-a0-253-g6f1b5d974a to
                  | 0.25-a0-258-g6d7e32a812
 67462 | D:10     | Identified a +9 quick blade of distortion (a +8 quick blade
                  | corrupted by Lugonu)
 67462 | D:10     | Received a gift from Lugonu
 68706 | Depths:2 | Noticed the Enchantress
 68716 | Depths:2 | Banished the Enchantress
 68728 | Depths:2 | Reached skill level 15 in Fighting
 68787 | Depths:2 | Identified the Guide on the Supportive Voyage
 70119 | Depths:3 | Found a runed translucent door.
 70282 | Depths:3 | Reached XP level 25. HP: 153/175 MP: 32/32
 70368 | Depths:3 | Identified the amulet "Efoa" {+Rage Int+5}
 71031 | Depths:3 | Found a one-way gate leading to the halls of Pandemonium.
 71049 | Depths:3 | Cast into level 2 of the Abyss (a deep elf sorcerer)
 71658 | Abyss:3  | Paralysed by you for 7 turns
 71660 | Abyss:3  | Gained mutation: You are dopey. (Int -2) [a neqoxec]
 71669 | Depths:3 | Escaped the Abyss
 72110 | Depths:3 | Got a twitching bronze amulet
 72111 | Depths:3 | Identified the amulet "Wucairu" {RegenMP Int+6} (You found
                  | it on level 3 of the Depths)
 72280 | Depths:4 | Got a bloodstained scale mail
 72281 | Depths:4 | Identified the +4 scale mail of the Sparrow {MR+} (You
                  | found it on level 4 of the Depths)
 73092 | Depths:4 | Found a one-way gate to the infinite horrors of the Abyss.
 73531 | Depths:4 | Got a spiked scale mail
 73532 | Depths:4 | Identified the cursed +1 scale mail of Divine Intervention
                  | {Regen+} (You found it on level 4 of the Depths)
 73597 | Depths:4 | Found an iron altar of Okawaru.
 73599 | Depths:4 | Found the +8 whip "Snakebite" {curare, rPois}
 73817 | Depths:4 | Got a slimy leather armour
 73818 | Depths:4 | Identified the cursed +0 leather armour "Iju Weis" {Dex+3}
                  | (You found it on level 4 of the Depths)
 73847 | Depths:4 | Found the cursed +14 obsidian axe {chop, +Fly SInv *Curse}
 74712 | Vaults:5 | Entered Level 5 of the Vaults
 75009 | Vaults:4 | Reached XP level 26. HP: 139/189 MP: 32/32
 75706 | Abyss:3  | Got an abyssal rune of Zot
 75925 | Vaults:5 | Escaped the Abyss
 75926 | Vaults:5 | Noticed an ancient lich
 75928 | Vaults:5 | Noticed Frederick
 76216 | Vaults:5 | Identified the +1 leather armour "Lunie" {rC- Str+5 Int+5}
 76359 | Vaults:5 | Found the +0 sword of Power
 76604 | Vaults:5 | Identified the cursed +2 flail "Jellybane" {crush, rPois
                  | MR- Str+7 Dex-5}
 76604 | Vaults:5 | Identified the ring "Tionas" {rF- rC+ MR++ Dex+4 Stlth+}
 76630 | Vaults:5 | Identified the cursed +0 great mace of Jihir {crush, MR+
                  | Str+4 Int+3}
 77003 | Vaults:5 | Noticed Saint Roka
 77153 | Vaults:5 | Got a silver rune of Zot
 77309 | Vaults:5 | Banished Frederick
 77657 | Vaults:5 | Identified the cursed +1 shortbow of Articulation {flame,
                  | rPois}
 77717 | Vaults:5 | Identified Vepu's Papyrus of the Slug
 77865 | Vaults:5 | Killed Saint Roka
 77977 | Vaults:5 | Reached XP level 27. HP: 186/195 MP: 32/32
 78403 | Vaults:5 | Killed an ancient lich
 78557 | Vaults:5 | Identified the Almanac of Ghastly Protection
 79192 | Vaults:5 | Identified the +7 mace "Jevaz Pue" {freeze, Fragile Dex+6}
 79192 | Vaults:5 | Identified the ring "Huirpho" {rCorr Int+4}
 80482 | Elf:3    | Identified the +1 whip of Beogh's Pride {flame, rElec rF+}
 80522 | Elf:3    | Identified the ring "Biewuofu" {AC+1 SInv}
 80793 | Elf:3    | Corrupted Elf:3
 80799 | Elf:3    | Identified the +1 morningstar of Division {crush, MR+
                  | Str+4}
 81481 | Slime:1  | Entered Level 1 of the Pits of Slime
 82002 | Slime:1  | Gained mutation: Scrolls take you a little longer to read.
                  | [a shining eye]
 82505 | Slime:3  | Noticed Dissolution
 82507 | Slime:3  | Killed Dissolution
 83377 | Abyss:1  | Paralysed by accursed screaming for 1 turns
 83913 | Slime:4  | Escaped the Abyss
 84001 | Slime:3  | Gained mutation: You have a pair of small horns on your
                  | head. [a shining eye]
 84063 | Slime:4  | Gained mutation: You are frail. (-10% HP) [a shining eye]
 84243 | Lair:4   | Lost mutation: You are frail. (-10% HP) [potion of
                  | mutation]
 84243 | Lair:4   | Lost mutation: Scrolls take you a little longer to read.
                  | [potion of mutation]
 84243 | Lair:4   | Lost mutation: You are dopey. (Int -2) [potion of mutation]
 84243 | Lair:4   | Gained mutation: You have sharp fingernails. [potion of
                  | mutation]
 84243 | Lair:4   | Gained mutation: You expend magic power (3 MP) to
                  | strengthen your wands. [potion of mutation]
 84244 | Lair:4   | Lost mutation: You have sharp fingernails. [potion of
                  | mutation]
 84244 | Lair:4   | Lost mutation: You have a pair of small horns on your head.
                  | [potion of mutation]
 84244 | Lair:4   | Gained mutation: You are resistant to electric shocks.
                  | (rElec) [potion of mutation]
 84541 | Crypt:1  | Entered Level 1 of the Crypt
 85244 | Crypt:1  | Found an ancient bone altar of Kikubaaqudgha.
 87634 | Crypt:2  | Found an ancient bone altar of Kikubaaqudgha.
 87639 | Crypt:2  | Noticed Mennas
 87646 | Crypt:2  | Killed Mennas
 87988 | Crypt:3  | Entered Level 3 of the Crypt
 88285 | Crypt:3  | Noticed Margery
 88344 | Crypt:3  | Upgraded the game from 0.25-a0-258-g6d7e32a812 to
                  | 0.25-a0-263-g9d16a9d099
 88764 | Snake:4  | Killed Zadkiel's ghost
 89073 | Snake:4  | Bought a potion of curing for 69 gold pieces
 89073 | Snake:4  | Bought a large ruby amulet for 115 gold pieces
 89073 | Snake:4  | Bought a potion of heal wounds for 115 gold pieces
 89947 | Crypt:3  | Killed Margery
 90159 | Crypt:3  | Found a staircase to the Tomb.
 91371 | Crypt:3  | Noticed Jory
 91948 | Crypt:3  | Found the amulet of the Four Winds {rN+ MR+++ Clar}
 92248 | Crypt:3  | Killed Jory
 92473 | Crypt:3  | Noticed an ancient lich
 92475 | Crypt:3  | Noticed an ancient lich
 92609 | Crypt:3  | Corrupted Crypt:3
 92614 | Crypt:3  | Killed an ancient lich
 92626 | Crypt:3  | Killed an ancient lich
 92748 | Crypt:3  | Identified the Guide on Lucky Toxins
 92770 | Crypt:3  | Got a translucent platinum ring
 92793 | Crypt:3  | Identified the ring of the Saviour {rF+ rN+ Dex+5 Stlth+}
                  | (You found it on level 3 of the Crypt)
 92834 | Tomb:1   | Entered Level 1 of the Tomb of the Ancients
 93243 | Depths:5 | Entered Level 5 of the Depths
 93247 | Depths:5 | Noticed a juggernaut
 93253 | Depths:5 | Killed a juggernaut
 94428 | Depths:5 | Noticed a juggernaut
 94434 | Depths:5 | Killed a juggernaut
 94773 | Depths:5 | Noticed Xtahua
 94776 | Depths:5 | Killed Xtahua
 94812 | Depths:5 | Found a gate to the Realm of Zot.
 95156 | Hell     | Entered the Vestibule of Hell
 95156 | Hell     | Noticed Geryon
 95161 | Hell     | Killed Geryon
 95642 | D:12     | You paid a toll of the horn of Geryon to enter a treasure
                  | trove
 95643 | Trove    | Entered a treasure trove
 95655 | Trove    | Got a scintillating copper ring
 95657 | Trove    | Got a vibrating platinum amulet
 95659 | Trove    | Got a smoking brass ring
 95661 | Trove    | Got a translucent jade ring
 95676 | Trove    | Identified the ring "Xycocyfe" {rN+++ Int-5 Dex+3 Stlth+}
                  | (You found it in a treasure trove)
 95677 | Trove    | Identified the ring "Oxecunamarph" {rElec rC+ Int+3 Dex-5}
                  | (You found it in a treasure trove)
 95706 | Trove    | Got a crude glass ring
 95740 | Trove    | Identified the amulet of Maesad {Gourm rN+ MR- Dex+3
                  | Stlth+} (You found it in a treasure trove)
 95747 | Trove    | Identified the ring of Maroavi {Wiz Dex+4} (You found it in
                  | a treasure trove)
 95758 | D:12     | Identified the ring "Testa" {rElec rF+ Str+9 Int-4 Slay-6
                  | SInv} (You found it in a treasure trove)
 95862 | D:9      | Bought a distressingly furry scale mail for 297 gold pieces
 95862 | D:9      | Identified the +4 scale mail "Kaqoesiu" {+Fly rElec Regen+
                  | MP-9} (You bought it in a shop on level 9 of the Dungeon)
 95922 | D:7      | Bought a scroll of fog for 26 gold pieces
 95922 | D:7      | Bought a scroll of blinking for 97 gold pieces
 95922 | D:7      | Bought 3 scrolls of teleportation for 117 gold pieces
 95991 | D:10     | Bought a potion of ambrosia for 104 gold pieces
 95991 | D:10     | Bought a potion of haste for 130 gold pieces
 95991 | D:10     | Bought 2 potions of haste for 260 gold pieces
 95991 | D:10     | Bought a potion of agility for 52 gold pieces
 95991 | D:10     | Bought a potion of agility for 52 gold pieces
 95991 | D:10     | Bought a potion of cancellation for 104 gold pieces
 95991 | D:10     | Bought a potion of agility for 52 gold pieces
 96165 | Snake:4  | Bought a scroll of magic mapping for 49 gold pieces
 96165 | Snake:4  | Bought a scroll of identify for 28 gold pieces
 96165 | Snake:4  | Bought a scroll of fog for 28 gold pieces
 96165 | Snake:4  | Bought a scroll of acquirement for 728 gold pieces
 97436 | Zot:1    | Entered Level 1 of the Realm of Zot
 98822 | D:14     | Bought a potion of mutation for 120 gold pieces
102305 | Zot:4    | Got a brightly glowing granite ring
102306 | Zot:4    | Identified the ring "Vocong" {*Tele rElec} (You found it on
                  | level 4 of the Realm of Zot)
102333 | Zot:4    | Found a transporter.
102392 | Zot:4    | Found a transporter.
102393 | Zot:4    | Found the +0 mask of the Dragon {MR+ Slay+3 SInv}
103833 | Zot:4    | Got a scintillating bronze ring
103834 | Zot:4    | Identified the ring of the Thistle {+Fly Int+2 SInv} (You
                  | found it on level 4 of the Realm of Zot)
104020 | Zot:5    | Entered Level 5 of the Realm of Zot
104658 | Zot:5    | Reached skill level 15 in Invocations
105783 | Zot:5    | Noticed an ancient lich
105797 | Zot:5    | Noticed an orb of fire
105817 | Zot:4    | Killed an ancient lich
105903 | Zot:5    | Gained mutation: You are frail. (-10% HP) [an orb of fire]
105938 | Zot:4    | Banished an orb of fire
106004 | Zot:5    | Noticed an orb of fire
106198 | Zot:5    | Noticed a Killer Klown
106198 | Zot:5    | Noticed an ancient lich
106199 | Zot:5    | Noticed an ancient lich
106293 | Zot:5    | Noticed a Killer Klown
106303 | Zot:5    | Noticed an ancient lich
106327 | Zot:5    | Banished an ancient lich
106327 | Zot:5    | Reached skill level 15 in Shields
106351 | Zot:5    | Noticed an ancient lich
106453 | Zot:5    | Noticed an ancient lich
106563 | Zot:5    | Corrupted Zot:5
106629 | Zot:5    | Noticed a Killer Klown
106646 | Zot:5    | Killed a Killer Klown
106768 | Zot:5    | Noticed an ancient lich
106802 | Zot:5    | Noticed an ancient lich
107149 | Zot:5    | Banished an ancient lich
107165 | Zot:5    | Banished a Killer Klown
107242 | Zot:5    | Killed an ancient lich
107297 | Zot:5    | Killed an ancient lich
108398 | Zot:5    | Banished a Killer Klown
108623 | Zot:5    | Banished an ancient lich
108677 | Zot:5    | Banished an ancient lich
109401 | Zot:5    | Got the Orb of Zot
109510 | Zot:2    | Noticed Kaecu the pandemonium lord
109897 | D:13     | Noticed Edev the pandemonium lord
109900 | D:13     | Banished Edev the pandemonium lord
110081 | D:5      | Noticed Jehu the pandemonium lord
110238 | D:$      | Escaped with the Orb!

Levels and vault maps discovered:
D:1:      lightli_arrival_windingriver, layout_rooms,
          chequers_serial_rivers_room_a, hangedman_decor_clover_reticule
D:2:      minmay_angry_zag, layout_basic, evilmike_ruin_ashenzari, serial_glass,
          glass_columns_a, glass_columns_a, glass_columns_a, glass_columns_b,
          glass_columns_a, glass_columns_c, glass_columns_a, glass_columns_b
D:3:      layout_loops_corners, lemuel_coloured_pillars_altar,
          grunt_temple_overflow_open
D:4:      layout_basic, first_ration
D:5:      layout_basic, amethyst_overflow_temple_binary, kennysheep_little_box,
          kennysheep_generic_room_12
D:6:      layout_basic, old_standard_altar, minmay_temple_entry_offerings,
          roderic_serpentine_path
D:7:      layout_cave_pods, serial_column_ruins, column_ruins_hut_pillars,
          column_ruins_temple_circle, column_ruins_open_tiny,
          column_ruins_columns_straight, column_ruins_grid_3,
          column_ruins_columns_corner, column_ruins_grid_1, serial_shops, shop
D:8:      layout_loops_ring, nicolae_dithmenos_shadow_blocks,
          david_lair_shrubbed, uniq_psyche
D:9:      layout_rooms, grunt_temple_overflow_growth_and_decay, serial_shops,
          kennysheep_mini_moat, hangedman_tree_tricks, hangedman_fish_farm,
          grunt_ministairs_5, minivault_27, okawaru_metal_pillars_1_2
D:10:     minmay_the_grid_triangle_9x9_recursive_2_mashed
          [minmay_the_grid_triangle_9x9_prize_special,
          minmay_the_grid_triangle_9x9_from_above,
          minmay_the_grid_triangle_9x9_sparse_checkered,
          minmay_the_grid_triangle_9x9_semitri], layout_loops_corners,
          serial_shops, shop, shop, nicolae_shop_behind_doors
D:11:     minmay_bloctagon, layout_basic, serial_shops, shop,
          hangedman_decor_riveting, uniq_nergalle
D:12:     layout_roguey, david_orc_1_choice, enter_trove_6, tgw_sif
D:13:     layout_rooms, lightli_vaults_fourway_checkpoint, minmay_evil_grid
D:14:     layout_cave_pods, serial_shops, shop
D:15:     grunt_enter_depths_snipers, layout_stronghold,
          serial_co_window_serial, co_window_corner_a, co_window_paths_b,
          co_window_paths_b, co_window_paths_b, co_window_paths_a,
          co_window_broadway_a, co_window_unsneaky_path_e, co_window_broadway_b,
          co_window_corner_cb, co_window_paths_d, co_window_4corner_b,
          glass_columns_a, glass_columns_b, glass_columns_b, glass_columns_a,
          glass_columns_c, serial_shops, nicolae_shop_crystal, shop_statue,
          eino_small_chamber_without_monster, dk_noncrumbling_4
Temple:   jpeg_temple_island
Lair:1:   layout_gridlike, gammafunk_ghost_split, st_stairs_9,
          minmay_lair_oklob_bushes, serial_bayou_pond_a, grunt_megastairs_2,
          uniq_harold, uniq_joseph
Lair:2:   layout_regular_city, beast_lair_carwin_3, minmay_lair_oklob_chamber
Lair:3:   layout_cave_pods, elwin_shoals_entry_rooms,
          guppyfry_snake_entry_island
Lair:4:   layout_cave_pods, serial_bayou_shore_b, grunt_megastairs_3
Lair:5:   layout_loops_ring, ebering_ghost_rock_garden
Lair:6:   cheibrodos_lair_end_hotspot, layout_big_grid, slime_altar_1
Shoals:1: layout_shoals
Shoals:2: layout_shoals, uniq_ilsuiw
Shoals:3: layout_shoals, serial_shops, bzr_in_the_mist
Shoals:4: shoals_end_grunt_ice, layout_shoals
Snake:1:  layout_chambers, grunt_ministairs_10, st_stairs_6, uniq_frances
Snake:2:  layout_cave_shapes, portal_ice_cave_entry_pillars_four, uniq_vashnia,
          uniq_asterion
Snake:3:  layout_gridlike
Snake:4:  snake_pit, layout_basic, ebering_ghost_gozag, serial_shops,
          nicolae_shop_statue_plus, grunt_ministairs_6
Slime:1:  layout_caves
Slime:2:  layout_caves, nicolae_slime_barrier
Slime:3:  layout_caves, dissolution_awaits
Slime:4:  layout_caves
Orc:1:    layout_caves, gammafunk_ghost_split, mines5_lemuel
Orc:2:    grunt_orc_cross, layout_caves, ebering_ghost_rock_garden,
          statue_in_the_mist_lemuel, nicolae_orc_bridge_out
Elf:1:    layout_loops_corners, minmay_elf_necromancy, grunt_megastairs_5
Elf:2:    layout_geoelf_grid, minivault_16
Elf:3:    elf_hall_gauntlet_wide, layout_rooms
Vaults:1: vaults_mumra_chevron, nicolae_vaults_triangles, vaults_dpeg_doors,
          v_misc_12, st_spiral_rooms, nicolae_vaults_ring_of_whatevers,
          vaults_dpeg_ring, vaults_room_grid, layout_vaults_omnigrid,
          serial_shops, shop
Vaults:2: v_misc_4, hangedman_vaults_pinch, vaults_mumra_hex,
          ontoclasm_vaults_decontamination, v_alt_pattern_4,
          ontoclasm_vaults_loading_screen, vaults_room_door_ring,
          nicolae_vaults_little_squares_5, nicolae_vaults_what_the_h, v_misc_29,
          hangedman_vaults_hard_town_square, layout_vaults_omnibox,
          serial_shops, nicolae_shop_behind_doors
Vaults:3: nicolae_vaults_little_squares_1, minmay_crypt_entry_simple_sparse,
          nicolae_vaults_circle_grid_b, ontoclasm_vaults_claustrophobia,
          v_rooms_6, v_misc_33, vaults_room_fours, v_misc_19, vaults_room_fours,
          dpeg_vaults_monster_box, layout_vaults_maze_snakey, serial_shops, shop
Vaults:4: vaults_room_octagon, nicolae_vaults_back_hallway, v_alt_pattern_6,
          v_rooms_5, v_alt_pattern_1, vaults_room_semicircle,
          layout_vaults_chaotic_city
Vaults:5: serial_shops, uniq_saint_roka, uniq_frederick
Crypt:1:  cheibrodos_crypt_eye_of_stone, layout_gridlike, st_vampire_maze,
          grunt_crypt_arrival_webbed
Crypt:2:  layout_catacombs, basic_altar, ebering_dispersal_statue_hall,
          uniq_mennas
Crypt:3:  david_glass_crypt, layout_gridlike, tomb_entry_shell_bobbens,
          grunt_megastairs_4, uniq_margery, uniq_jory
Tomb:1
Depths:1: layout_cross, ziggurat_fallback, hangedman_abyss_or_decor_stagger,
          pf_hell_entry_great_geh, grunt_ministairs_10,
          small_chamber_with_monster, onia_ninara_cookie
Depths:2: grunt_forest_end_winery, layout_cave_pools, grunt_mini_vestibule,
          minmay_misc_feat_tower, serial_bayou_shore_b
Depths:3: box_level_dp, pan_entry, hell_entry
Depths:4: evilmike_iron_armoury, layout_gridville, grunt_hell_entry_dis_mu,
          skrybe_limestone_x, minmay_room_of_horrors, pan_entry,
          dk_noncrumbling_3, infiniplex_staircase_door_maze
Depths:5: evilmike_zot_entry_gauntlet, layout_basic, rand_demon_pan_entry_5,
          minmay_fountain_box, hangedman_coc_ice_floe,
          hangedman_abyss_entry_splay, uniq_xtahua
Hell
Zot:1:    layout_twisted_circle
Zot:2:    layout_gridlike
Zot:3:    layout_onion_interference, nicolae_lava_and_water
Zot:4:    layout_onion_interference, chequers_guarded_unrand_mask_of_the_dragon
Zot:5:    layout_concentric_octagons, hangedman_zot_diagonal_lockstep,
          lemuel_golem_globe

Skill      XL: |  1  2  3  4  5  6  7  8  9 10 11 12 13 14 15 16 17 18 19 20 21 22 23 24 25 26 27 |
---------------+----------------------------------------------------------------------------------+-----
Fighting       | 2 3 4 6 8 9 10 11 12 14 15 18 23 | 23.0
Short Blades   | 3 4 5 6 7 9 11 12 13 14 15 16 17 18 20 24 | 24.0
Dodging        | 2 3 4 6 7 9 10 11 12 13 15 16 17 18 19 24 | 24.0
Stealth        | 5 6 8 9 12 14 15 17 19 20 22 23 24 25 26 27 | 27.0
Throwing       | 3 4 5 6 7 8 9 |  9.0
Invocations    | 4 5 7 9 10 12 13 15 | 15.0
Armour         | 3 |  3.0
Evocations     | 3 |  3.0
Shields        | 4 6 9 11 12 18 | 18.4

Action                   |  1- 3 |  4- 6 |  7- 9 | 10-12 | 13-15 | 16-18 | 19-21 | 22-24 | 25-27 || total
-------------------------+-------+-------+-------+-------+-------+-------+-------+-------+-------++-------
Melee: Dagger            |   105 |    88 |   343 |   231 |       |       |     8 |       |       ||   775
       Quick blade       |       |       |       |   583 |  1731 |  2478 |  2383 |  3746 |  7611 || 18532
       Rapier            |       |       |       |       |    38 |   227 |   336 |    61 |    40 ||   702
       Punch             |       |       |       |       |     9 |     3 |       |       |       ||    12
       Headbutt          |       |       |       |       |       |       |       |       |    17 ||    17
Throw: Dart              |    19 |    34 |    35 |    39 |    15 |   101 |       |     6 |    21 ||   270
       Boomerang         |       |       |     7 |     3 |       |       |       |       |       ||    10
Invok: Heroism           |       |       |       |     2 |     3 |    10 |     9 |       |       ||    24
       Finesse           |       |       |       |       |     1 |       |     1 |       |       ||     2
       Bend Space        |       |       |       |       |       |       |       |     3 |     9 ||    12
       Depart the Abyss  |       |       |       |       |       |       |       |     1 |     1 ||     2
       Brand Weapon With |       |       |       |       |       |       |       |     1 |       ||     1
       Banish            |       |       |       |       |       |       |       |       |     3 ||     3
       Enter the Abyss   |       |       |       |       |       |       |       |       |     2 ||     2
       Corrupt           |       |       |       |       |       |       |       |       |     3 ||     3
 Abil: Evoke Berserk Rag |       |       |       |       |     1 |       |       |       |       ||     1
Evoke: Wand              |       |       |     5 |     4 |     6 |    11 |     1 |     7 |    20 ||    54
  Use: Scroll            |     1 |       |    15 |    13 |    13 |    15 |    14 |    14 |    40 ||   125
       Potion            |       |       |       |     4 |     2 |    10 |     5 |    11 |    29 ||    61
 Stab: Sleeping          |     2 |    13 |    11 |    14 |    45 |    84 |    62 |    77 |    99 ||   407
       Distracted        |     1 |       |       |     7 |     6 |     7 |    24 |    20 |    71 ||   136
       Invisible         |       |       |       |     2 |       |     4 |       |     4 |     5 ||    15
       Petrifying        |       |       |       |       |     1 |       |       |       |       ||     1
       Confused          |       |       |       |       |       |       |       |       |     4 ||     4
  Eat: Chunk             |     2 |     8 |    11 |    17 |    26 |    47 |    24 |    28 |    47 ||   210
       Ration            |       |       |     1 |     2 |     3 |     1 |     4 |     7 |    27 ||    45
Armor: Robe              |    16 |     7 |     5 |       |       |       |       |       |       ||    28
       Scale mail        |       |       |    84 |   148 |   312 |   260 |   155 |   220 |   447 ||  1626
Dodge: Dodged            |    74 |    44 |   158 |   305 |   767 |  1254 |   996 |  1296 |  3028 ||  7922
Block: Buckler           |       |       |       |       |       |   101 |   630 |   845 |  2128 ||  3704

Table legend:
 A = Non-vault XP
 B = Vault XP
 C = Vault XP percentage of total XP
 D = Non-vault monster count
 E = Vault monster count
 F = Vault count percentage of total count
                 A         B        C        D         E       F
            +---------+---------+-------+---------+---------+-------
      Total | 1005588 |  852683 |  45.9 |    1746 |     954 |  35.3
            +---------+---------+-------+---------+---------+-------
        D:1 |      31 |       0 |   0.0 |      16 |       0 |   0.0
        D:2 |      48 |      26 |  35.1 |      13 |       6 |  31.6
        D:3 |      83 |       0 |   0.0 |      15 |       0 |   0.0
        D:4 |     449 |       0 |   0.0 |      25 |       0 |   0.0
        D:5 |     144 |       0 |   0.0 |       4 |       0 |   0.0
        D:6 |     287 |       0 |   0.0 |       6 |       0 |   0.0
        D:7 |    2041 |       0 |   0.0 |      28 |       0 |   0.0
        D:8 |    3690 |     803 |  17.9 |      35 |       2 |   5.4
        D:9 |    2107 |    1503 |  41.6 |      16 |       4 |  20.0
       D:10 |    4925 |    4784 |  49.3 |      37 |      16 |  30.2
       D:11 |    4098 |    4060 |  49.8 |      23 |      17 |  42.5
       D:12 |    1824 |    2467 |  57.5 |      10 |      12 |  54.5
       D:13 |    4865 |   10075 |  67.4 |      10 |      18 |  64.3
       D:14 |    9385 |       0 |   0.0 |      26 |       0 |   0.0
       D:15 |   29201 |    6436 |  18.1 |      57 |       7 |  10.9
     Lair:1 |    2396 |    4887 |  67.1 |      14 |      14 |  50.0
     Lair:2 |    2446 |    2813 |  53.5 |      13 |       9 |  40.9
     Lair:3 |    4289 |    2176 |  33.7 |      13 |       6 |  31.6
     Lair:4 |    6357 |     439 |   6.5 |      30 |       1 |   3.2
     Lair:5 |    6717 |    1849 |  21.6 |      24 |       1 |   4.0
     Lair:6 |   12661 |    8212 |  39.3 |      33 |      28 |  45.9
   Shoals:1 |    4968 |       0 |   0.0 |      13 |       0 |   0.0
   Shoals:2 |    9791 |    3042 |  23.7 |      17 |       4 |  19.0
   Shoals:3 |   18059 |       0 |   0.0 |      40 |       0 |   0.0
   Shoals:4 |    6834 |   17076 |  71.4 |      18 |      30 |  62.5
    Snake:1 |    6242 |    3236 |  34.1 |      17 |       5 |  22.7
    Snake:2 |   13843 |   10651 |  43.5 |      27 |       6 |  18.2
    Snake:3 |   12305 |       0 |   0.0 |      23 |       0 |   0.0
    Snake:4 |   18148 |   40969 |  69.3 |      39 |      55 |  58.5
    Slime:1 |    5224 |       0 |   0.0 |      13 |       0 |   0.0
    Slime:2 |    7254 |       0 |   0.0 |      10 |       0 |   0.0
    Slime:3 |    5044 |   13640 |  73.0 |      16 |       1 |   5.9
    Slime:4 |   17855 |       0 |   0.0 |      26 |       0 |   0.0
      Orc:1 |    1902 |    2772 |  59.3 |      27 |       7 |  20.6
      Orc:2 |   10610 |   10234 |  49.1 |      48 |      44 |  47.8
      Elf:1 |    6417 |    6678 |  51.0 |      10 |      16 |  61.5
      Elf:2 |   12909 |   23309 |  64.4 |      24 |      27 |  52.9
      Elf:3 |   15434 |   22743 |  59.6 |      27 |      16 |  37.2
   Vaults:1 |   31473 |   13445 |  29.9 |      47 |      19 |  28.8
   Vaults:2 |   20360 |   31380 |  60.6 |      40 |      46 |  53.5
   Vaults:3 |   49136 |   11107 |  18.4 |      87 |      21 |  19.4
   Vaults:4 |   36967 |   30047 |  44.8 |      53 |      37 |  41.1
   Vaults:5 |   26954 |  141975 |  84.0 |      40 |      93 |  69.9
    Crypt:1 |   34050 |   21949 |  39.2 |      42 |      21 |  33.3
    Crypt:2 |   40182 |    7744 |  16.2 |      49 |       1 |   2.0
    Crypt:3 |   37281 |   32478 |  46.6 |      46 |      27 |  37.0
   Depths:1 |   30121 |   19499 |  39.3 |      51 |      28 |  35.4
   Depths:2 |   28667 |   29170 |  50.4 |      46 |      32 |  41.0
   Depths:3 |   14688 |   48586 |  76.8 |      15 |      59 |  79.7
   Depths:4 |   30839 |   29641 |  49.0 |      35 |      32 |  47.8
   Depths:5 |   57128 |   35290 |  38.2 |      36 |      29 |  44.6
       Hell |    1723 |    4709 |  73.2 |       2 |       3 |  60.0
      Zot:1 |   34243 |       0 |   0.0 |      18 |       0 |   0.0
      Zot:2 |   47327 |       0 |   0.0 |      33 |       0 |   0.0
      Zot:3 |   35669 |       0 |   0.0 |      25 |       0 |   0.0
      Zot:4 |   58534 |   74813 |  56.1 |      35 |      29 |  45.3
      Zot:5 |   43120 |   83758 |  66.0 |      28 |      25 |  47.2
    Abyss:1 |   12409 |    1593 |  11.4 |      40 |       1 |   2.4
    Abyss:2 |    2783 |       0 |   0.0 |       7 |       0 |   0.0
    Abyss:3 |   61051 |   18294 |  23.1 |     128 |      38 |  22.9
    Abyss:4 |       0 |    1004 | 100.0 |       0 |       2 | 100.0
      IceCv |       0 |   11321 | 100.0 |       0 |      59 | 100.0
            +---------+---------+-------+---------+---------+-------
